Map: Arctic Dream LE

Players

KimchiPower - Winner!

  • Race: Zerg Zerg
  • Spawn Location: 6:00

BoomShot - Winner!

  • Race: Terran Terran
  • Spawn Location: 5:00

Massa

  • Race: Terran Terran
  • League: Platinum
  • Spawn Location: 12:00

qqq

  • Race: Zerg Zerg
  • Spawn Location: 11:00

VOD

Have the link to the VOD?

Description

Time

  • Played on: Jan. 31, 2021, 6:41 a.m.
  • Length: 11:42
Show
View Real Time Build Order
Export as new Build Order

KimchiPower Zerg - Winner!

Build Orders: Hatch First 

Get SALT Encoding   

  12  0:00  Drone  
  13  0:09  Drone  
  14  0:17  Overlord  
  14  0:35  Drone x3  
  17  0:52  Hatchery  
  17  0:55  Drone  
  17  1:11  Extractor  
  16  1:14  Spawning Pool  
  16  1:15  Drone  
  16  1:16  Drone  
  17  1:23  Drone  
  18  1:36  Drone  
  19  1:49  Overlord  
  19  2:02  Queen  
  19  2:04  Queen  
  19  2:06  Drone x3  
  26  2:17  Metabolic Boost  
  26  2:22  Zergling x2  
  27  2:30  Drone x2  
  27  2:31  Drone  
  30  2:45  Drone, Zergling x4  
  33  3:07  Zergling x2  
  33  3:08  Zergling x4, Overlord  
  33  3:10  Hatchery  
  35  3:13  Roach Warren  
  34  3:22  Drone x2  
  34  3:24  Extractor, Drone  
  34  3:56  Roach x2  
  34  3:57  Roach x4  
  42  4:06  Overlord x2, Roach  
  42  4:07  Overlord  
  44  4:18  Lair  
  44  4:33  Roach  
  44  4:34  Roach x5  
  42  4:48  Roach  
  42  4:49  Roach x3  
  50  4:59  Queen  
  46  5:11  Roach x2  
  44  5:24  Queen  
  44  5:27  Roach x3  
  52  5:28  Queen  
  54  5:38  Ravager  
  55  5:43  Extractor  
  55  5:46  Zergling x16  
  62  6:08  Roach x3  
  62  6:09  Roach  
  67  6:16  Overlord x2  
  67  6:36  Drone  
  67  6:37  Drone x8  
  77  6:47  Drone x4  
  77  6:53  Spore Crawler  
  79  7:15  Hatchery  
  78  7:19  Pneumatized Carapace, Hydralisk Den, Spore Crawler  
  76  7:34  Drone  
  76  7:35  Drone x6  
  83  7:43  Spore Crawler  
  82  7:48  Evolution Chamber x2, Muscular Augments  
  80  7:55  Hydralisk  
  82  8:14  Zerg Missile Weapons Level 1  
  82  8:15  Zerg Ground Armor Level 1  
  82  8:23  Overlord x2  
  82  8:37  Hydralisk  
  82  8:38  Hydralisk x2  
  82  8:40  Overlord x4  
  88  8:42  Drone x2  
  88  8:43  Drone x3  
  93  8:49  Drone x4  
  97  9:11  Hydralisk  
  97  9:12  Overseer  
  97  9:13  Overseer  
  97  9:16  Grooved Spines  
  99  9:19  Hatchery  
  99  9:24  Hydralisk x4  
  98  9:25  Hydralisk  
  108  9:41  Roach x5  
  108  9:42  Roach x2  
  122  9:52  Hydralisk x2  
  124  9:59  Drone, Hydralisk  
  129  10:08  Hydralisk  
  129  10:09  Hydralisk  
  133  10:19  Hydralisk  
  123  10:29  Hatchery  
  108  10:47  Hydralisk  
  90  11:05  Drone  
  90  11:06  Extractor, Drone x15  
  90  11:07  Extractor  
  90  11:16  Spore Crawler  
  85  11:23  Extractor  
  82  11:25  Drone  
  82  11:26  Drone x4  
Show
View Real Time Build Order
Export as new Build Order

BoomShot Terran - Winner!

Build Orders:  

Get SALT Encoding   

  12  0:00  SCV  
  13  0:12  SCV  
  14  0:19  Supply Depot  
  14  0:25  SCV  
  15  0:40  SCV  
  15  0:42  Barracks  
  16  0:46  Refinery  
  16  0:52  SCV  
  17  1:02  Supply Depot  
  17  1:04  SCV  
  18  1:29  SCV  
  19  1:33  Barracks  
  19  1:34  Barracks  
  19  1:43  Orbital Command  
  19  1:57  Reaper  
  20  2:09  SCV  
  20  2:12  Supply Depot  
  21  2:22  SCV  
  22  2:34  SCV, Reaper x2  
  24  2:42  Refinery  
  24  2:46  SCV, Reaper  
  24  2:49  Command Center  
  26  3:02  SCV  
  27  3:07  Reaper  
  28  3:12  Barracks  
  28  3:18  Reaper  
  30  3:36  Reaper  
  30  3:39  Reaper  
  29  3:50  Reaper  
  30  4:08  Reaper  
  28  4:21  Reaper  
  28  4:22  Reaper  
  28  4:23  Orbital Command  
  29  4:25  SCV  
  29  4:30  Barracks  
  30  4:35  Reaper  
  30  4:37  SCV  
  31  4:40  Reaper  
  32  4:50  SCV  
  33  4:53  SCV, Reaper  
  33  4:54  Reaper  
  36  5:02  SCV  
  36  5:05  SCV  
  38  5:08  Reaper  
  38  5:14  SCV, Reaper  
  40  5:20  Engineering Bay  
  41  5:26  Reaper  
  42  5:33  Reaper  
  42  5:34  Reaper  
  44  5:48  Reaper  
  42  6:02  Factory  
  42  6:28  Marine x5  
  47  6:33  SCV x2, Factory  
  49  6:45  SCV x2  
  49  6:46  Marine x3  
  54  6:49  Starport  
  54  6:52  Factory Tech Lab  
  54  6:59  Missile Turret x2  
  54  7:00  Missile Turret  
  54  7:06  Supply Depot  
  54  7:10  Missile Turret  
  54  7:21  Supply Depot  
  54  7:27  Marine x4  
  54  7:28  SCV x2  
  54  7:29  Command Center  
  60  7:30  Supply Depot  
  60  7:33  Starport Tech Lab  
  62  7:42  SCV  
  63  7:44  Widow Mine  
  63  7:45  Marine x3  
  66  7:53  Raven  
  68  8:01  Command Center  
  68  8:13  Marine  
  69  8:21  Marauder  
  69  8:22  Barracks Reactor  
  69  8:24  Barracks Reactor x2  
  69  8:25  Engineering Bay  
  69  8:26  Terran Infantry Weapons Level 1  
  71  8:30  Marine  
  71  8:32  Supply Depot  
  72  8:43  Marauder, Stimpack  
  74  8:48  Marine  
  74  8:54  Supply Depot  
  75  8:58  Refinery, SCV  
  75  9:00  Orbital Command  
  76  9:03  Marine x4  
  76  9:04  Marine x2  
  76  9:05  Refinery  
  76  9:06  Marine  
  76  9:07  Marauder  
  76  9:08  Terran Infantry Armor Level 1  
  85  9:11  SCV  
  85  9:14  Missile Turret  
  85  9:15  Missile Turret  
  86  9:19  Orbital Command  
  86  9:21  Marine x4  
  86  9:23  SCV  
  86  9:24  Marine x2  
  91  9:30  Widow Mine  
  95  9:39  Orbital Command  
  95  9:43  Marine x8  
  95  9:45  Medivac  
  105  10:00  Marine  
  105  10:03  Marine x5  
  105  10:04  Marine x2  
  113  10:18  Marine  
  113  10:21  Marine x2  
  108  10:22  Combat Shield  
  109  10:30  Marine  
  109  10:31  Medivac  
  109  10:32  Marine  
  99  10:47  Marine  
  97  10:50  Marine  
  92  11:01  Medivac  
  91  11:05  Marine  
  91  11:07  Marine  
  87  11:22  Marine x2, Fusion Core  
  87  11:23  Marine x5  
  87  11:25  SCV  
  91  11:27  SCV  
Show
View Real Time Build Order
Export as new Build Order

Massa Terran 

Build Orders:  

Get SALT Encoding   

  12  0:00  SCV  
  13  0:12  SCV  
  14  0:17  Supply Depot  
  14  0:24  SCV  
  15  0:38  SCV  
  15  0:40  Barracks  
  16  0:50  Refinery, SCV  
  17  1:03  SCV  
  18  1:15  SCV  
  19  1:31  Orbital Command  
  19  1:32  Marine  
  20  1:43  Refinery  
  20  1:47  Barracks, Supply Depot  
  20  1:53  Barracks  
  20  1:56  SCV  
  20  2:00  Reaper  
  22  2:10  SCV  
  23  2:22  SCV  
  24  2:24  Supply Depot  
  24  2:32  Reaper  
  24  2:34  SCV, Reaper  
  27  2:40  Reaper  
  28  3:02  Command Center  
  28  3:05  Reaper  
  29  3:06  Reaper  
  30  3:12  Factory  
  30  3:13  Reaper  
  30  3:18  SCV  
  32  3:35  Supply Depot  
  32  3:37  Reaper  
  32  3:38  Reaper  
  32  3:45  Reaper  
  31  4:09  Reaper  
  32  4:11  Reaper  
  32  4:14  SCV  
  32  4:15  Orbital Command  
  34  4:17  Reaper  
  35  4:25  Factory Tech Lab, Barracks  
  35  4:26  SCV  
  36  4:38  SCV  
  37  4:41  Reaper  
  37  4:43  Reaper  
  39  4:49  Reaper  
  38  5:13  Reaper  
  39  5:15  Reaper  
  35  5:32  Siege Tank  
  35  5:33  Marine  
  37  5:35  Barracks Tech Lab  
  37  5:41  Starport  
  37  5:42  SCV x2  
  39  5:45  Marine  
  39  5:46  Refinery  
  39  5:47  Marine  
  39  5:48  Refinery  
  41  5:51  Marine  
  41  5:54  SCV x2  
  44  6:02  Starport  
  44  6:06  SCV x2  
  46  6:18  SCV x2  
  48  6:19  Starport Tech Lab  
  48  6:22  Barracks Tech Lab  
  48  6:23  Barracks Reactor  
  48  6:24  Marine  
  49  6:30  SCV x2  
  51  6:35  Engineering Bay  
  51  6:38  Engineering Bay  
  51  6:41  Marine  
  51  6:42  SCV x2, Cloaking Field  
  54  6:48  Banshee  
  54  6:50  Barracks Tech Lab  
  57  6:59  Marine  
  58  7:01  SCV x2  
  60  7:08  Supply Depot  
  60  7:11  Supply Depot  
  60  7:13  SCV x2  
  62  7:16  Banshee  
  62  7:20  Supply Depot  
  62  7:22  Supply Depot  
  65  7:25  SCV x2, Command Center  
  67  7:30  Terran Infantry Weapons Level 1  
  67  7:31  Terran Infantry Armor Level 1  
  67  7:32  Banshee  
  70  7:38  SCV x2  
  72  7:45  Siege Tank  
  72  7:48  Marine  
  72  7:49  Marine x4  
  72  7:50  SCV x2  
  82  7:54  Stimpack  
  82  7:59  Banshee  
  82  8:03  Combat Shield  
  85  8:06  Marine x3  
  85  8:07  Marine x2  
  85  8:10  SCV x2  
  92  8:17  Armory  
  92  8:24  Marine x4  
  92  8:25  Marine, Supply Depot  
  92  8:26  Supply Depot  
  92  8:27  Supply Depot x2  
  97  8:28  Supply Depot x2  
  97  8:29  Supply Depot  
  97  8:30  Command Center  
  99  8:34  SCV x2  
  99  8:40  Banshee  
  102  8:46  SCV x2  
  104  8:58  SCV x2  
  103  9:07  Orbital Command  
  103  9:10  SCV x2  
  105  9:22  SCV x2  
  107  9:24  Terran Vehicle Weapons Level 1  
  107  9:25  Terran Infantry Armor Level 2, Terran Infantry Weapons Level 2  
  107  9:34  SCV x2  
  107  9:36  Medivac x2  
  113  9:42  Missile Turret  
  113  9:46  SCV x2, Missile Turret x2  
  113  9:49  Refinery  
  113  9:50  Refinery, Missile Turret  
  115  9:58  SCV  
  116  10:05  Medivac  
  118  10:28  Siege Tank  
  118  10:30  Marauder x2, Marine  
  100  10:43  Marine  
  100  10:44  Marine  
  100  10:48  Marine  
  94  10:51  Marauder x2  
  85  11:00  Siege Tank  
  85  11:01  Marine  
  85  11:02  Marine  
  86  11:06  Marine  
  81  11:13  Marauder x2  
  84  11:19  Marine x2  
Show
View Real Time Build Order
Export as new Build Order

qqq Zerg 

Build Orders: Hatch First, Muta Ling Bane 

Get SALT Encoding   

  12  0:02  Drone  
  13  0:08  Drone  
  14  0:19  Overlord  
  14  0:45  Hatchery  
  13  0:52  Drone  
  13  0:53  Drone  
  13  0:54  Drone  
  16  1:15  Spawning Pool  
  15  1:23  Extractor  
  15  1:25  Drone x3  
  17  1:37  Drone  
  18  1:47  Drone  
  19  1:57  Drone  
  19  2:00  Drone  
  21  2:02  Queen  
  21  2:04  Queen  
  25  2:11  Overlord  
  25  2:28  Zergling x2  
  25  2:29  Metabolic Boost  
  26  2:30  Drone x2  
  26  2:35  Drone  
  26  2:37  Drone  
  30  2:42  Zergling x2  
  31  2:44  Zergling x2  
  32  2:52  Zergling x2, Baneling Nest  
  32  2:54  Zergling x2  
  33  3:03  Drone  
  33  3:04  Overlord  
  34  3:10  Zergling x4  
  36  3:26  Zergling x4  
  36  3:27  Zergling x8  
  40  3:34  Zergling x2  
  43  3:45  Zergling x2  
  43  3:46  Overlord x4  
  42  3:56  Zergling x2  
  42  3:57  Zergling x2  
  42  3:59  Overlord  
  43  4:21  Zergling x10  
  46  4:34  Drone, Evolution Chamber  
  46  4:36  Hatchery, Evolution Chamber  
  41  4:43  Zergling x6  
  42  4:58  Zergling x4  
  41  5:05  Zergling x4  
  41  5:06  Zergling x4  
  41  5:16  Zergling x6  
  41  5:17  Zergling x2  
  41  5:20  Zergling x2  
  42  5:27  Lair  
  41  5:28  Zerg Melee Weapons Level 1  
  41  5:35  Zergling x2  
  41  5:36  Zergling x4  
  41  5:38  Drone  
  41  5:39  Drone  
  46  5:44  Zergling x2  
  46  5:45  Drone  
  41  6:12  Drone x3, Zergling x6  
  47  6:20  Baneling x3  
  47  6:21  Baneling  
  46  6:25  Drone  
  46  6:26  Drone  
  46  6:27  Spire  
  46  6:29  Drone  
  46  6:30  Drone x2  
  50  6:38  Drone x2  
  52  6:48  Extractor  
  52  6:49  Extractor  
  52  6:53  Extractor  
  49  7:01  Drone x2  
  49  7:02  Overlord x2  
  49  7:03  Drone x2  
  53  7:18  Queen  
  53  7:20  Drone  
  53  7:21  Drone x3  
  59  7:28  Hatchery, Drone  
  59  7:29  Drone x2  
  61  7:38  Mutalisk x2  
  61  7:39  Mutalisk  
  67  7:47  Drone x2  
  67  7:48  Drone, Overlord  
  67  7:50  Zerg Flyer Weapons Level 1  
  70  7:52  Drone x2  
  72  7:59  Mutalisk  
  72  8:02  Drone x4  
  78  8:08  Extractor  
  78  8:10  Extractor  
  76  8:17  Mutalisk x2  
  80  8:20  Drone x3  
  80  8:24  Infestation Pit  
  80  8:25  Hatchery  
  81  8:33  Mutalisk  
  81  8:34  Drone x2  
  81  8:35  Drone x4  
  89  8:48  Mutalisk  
  89  8:49  Mutalisk  
  89  8:54  Drone x2  
  95  9:06  Mutalisk, Hive  
  95  9:08  Mutalisk, Overlord  
  95  9:09  Overlord x3  
  99  9:23  Mutalisk x2  
  103  9:30  Centrifical Hooks  
  103  9:35  Spore Crawler  
  102  9:39  Spore Crawler  
  102  9:43  Spore Crawler  
  100  9:47  Drone x5  
  100  9:52  Drone x3  
  108  9:56  Mutalisk x2  
  108  9:57  Mutalisk x2  
  115  10:01  Baneling x4  
  115  10:02  Baneling  
  115  10:03  Baneling  
  99  10:32  Mutalisk  
  99  10:33  Mutalisk x3  
  96  10:48  Zergling x6  
  96  10:49  Mutalisk x3, Zergling x4  
Tags
 
Add a new tag
Caveats
  • Supply blocks, unpowered buildings, or Contaminate may cause inaccurate times.
  • Supply counts are checked every 10 seconds.